AoeStats
← RedPhosphoru

Hideout

509983114Analyzed
1v1 RM · 3d ago on Sep 28, 2026· 34m 1s· 2 players
Game mode
Random Map
Map size
Tiny (2 player)
Population
200
Speed
Normal
Resources
Standard
Victory
Conquest
Starting age
Dark Age
Ending age
Imperial Age
RankedLock teamsTeams togetherTeam positionsShared explorationLock speedFull tech treeHidden civsTurbo modeCheats
Victory
Defeat
🇦🇷 Spanish · Argentina
2081
+26
🇺🇸 Japanese · United States
2347
-26
RedPhosphoru
8:47 Feudal Age
8:49 Loom
9:21 Man-at-Arms
10:40 Double-Bit Axe
19:22 Castle Age
19:09 Loom
19:33 Light Cavalry
22:02 Loom
22:54 Wheelbarrow
23:34 Bloodlines
26:09 Husbandry
26:32 Horse Collar
27:25 Bow Saw
33:47 Hand Cart
UA | NanitoCba
9:49 Feudal Age
9:25 Loom
12:57 Double-Bit Axe
19:16 Castle Age
17:22 Horse Collar
20:53 Bow Saw
26:39 Wheelbarrow
27:01 Town Watch
31:08 Husbandry
35:45 Imperial Age
Connection lost

Rejoining the realm…

Still unreachable

The connection could not be restored.

Session expired

The server has moved on; the page needs a fresh start.